cohdb
Replays
Latest Replays
All Replays
Popular Replays
Top Player Replays
Match Explorer
How It Works
Community
CoH3 Stats
Reddit
Sign in to upload your games and track your stats! →
Sign in with Steam
It takes a lot for the DAK to give an epic game vs USF! WP Trivolka!
Match 11436663
Overview
Messages
Build Orders
End
Engineer Squad
Construct Barracks
1⁄4-ton 4x4 Truck
Selects Armored Battlegroup
Selects Veteran Crews
Riflemen Squad
Riflemen Squad
Riflemen Squad
Mechanized Support Center
Construct Medical Station
Selects M31 Recovery Vehicle
M1918 Browning Automatic Rifles
Construct Motor Pool
Selects War Machine
M8 Greyhound Armored Car
Riflemen Squad
Selects Strength in Steel
M8 Greyhound Armored Car
Improvised Armor
M1 Anti-tank Gun Team
Selects M8 Scott SPG
M8 Scott SPG
Grenade Package
M24 Chaffee Light Tank
Selects M4A3E8 Sherman Combat Group
M4A3E8 Sherman Combat Group
M4A3E8 Sherman Combat Group
Herr Blautier
Trivolka
0
0
Comments
sign in to comment!
No comments posted yet!